 Dungeon Crawl Stone Soup version 0.29.1-4-g47bece8355 (webtiles) character file.

Game seed: 9098129052766195060

4195 fantasyman the Protected (level 9, -2/69 (79) HPs)
             Began as a Demigod Fighter on Dec 5, 2022.
             Slain by a wight
             ... wielding a +2 spear
              (7 damage)
             ... on level 9 of the Dungeon.
             The game lasted 00:17:04 (12280 turns).

fantasyman the Protected (Demigod Fighter)         Turns: 12280, Time: 00:17:06

HP:   -2/69 (79)    AC: 19    Str: 29    XL:     9   Next: 82%
MP:   11/11         EV:  8    Int: 10    God:
Gold: 296           SH:  0    Dex: 19    Spells: 8/8 levels left

rFire   . . .      SeeInvis .   o - +2 triple sword (holy)
rCold   . . .      Faith    .   (shield currently unavailable)
rNeg    . . .      Spirit   .   q - +0 plate armour
rPois   .          Reflect  .   y - +1 helmet
rElec   .          Harm     .   w - +1 cloak
rCorr   .          Rampage  .   (no gloves)
Will    .....                   (no boots)
Stlth   ..........              (no amulet)
HPRegen 0.21/turn               s - +6 ring of dexterity
MPRegen 0.12/turn               (no ring)

@: studying Air Magic, heavily drained
A: high MP 1, forlorn, divine attributes
a: no special abilities


You were on level 9 of the Dungeon.
You visited 1 branch of the dungeon, and saw 9 of its levels.
You also visited: Bailey.

You collected 296 gold pieces.

Inventory:

Hand Weapons
 o - a +2 triple sword of holy wrath (weapon)
 C - a +2 spear of freezing
Armour
 q - a +0 plate armour (worn)
 w - a +1 cloak (worn)
 y - a +1 helmet (worn)
Jewellery
 b - a ring of ice
 c - the ring "Boargh" {rF++ EV+4 Int+8 Stlth-}
   (You found it on level 8 of the Dungeon)

   [ring of evasion]

   EV:        It affects your evasion (+4).
   Int:       It affects your intelligence (+8).
   rF:        It greatly protects you from fire.
   Stlth:     It makes you less stealthy.
 s - a +6 ring of dexterity (left hand)
Wands
 k - a wand of mindburst (17)
 n - a wand of flame (7)
 p - a wand of acid (13)
 v - a wand of paralysis (10)
Scrolls
 e - a scroll of fear
 f - 4 scrolls of teleportation
 h - a scroll of silence
 l - a scroll of identify
 x - a scroll of summoning {unknown}
 B - a scroll of magic mapping
 D - a scroll of blinking
Potions
 a - a potion of mutation {unknown}
 d - 4 potions of might
 g - 4 potions of flight
 i - 3 potions of brilliance
 j - 2 potions of haste
 m - a potion of lignification
 r - a potion of degeneration
 t - a potion of cancellation
 u - 2 potions of invisibility
 z - a potion of curing


   Skills:
 + Level 7.3 Fighting
 + Level 0.2 Long Blades
 - Level 2.5 Axes
 + Level 10.1 Armour
 - Level 6.6 Shields


You had 8 spell levels left.
You didn't know any spells.
Your spell library contained the following spells:

 Spells                   Type           Power      Damage    Failure   Level
 Freeze                   Ice            0%         1d3       96%         1
 Necrotise                Necr           0%         1d4       96%         1
 Slow                     Hex            0%         N/A       96%         1
 Sting                    Tmut/Pois      0%         1d3       96%         1
 Blink                    Tloc           0%         N/A       99%         2
 Ensorcelled Hibernation  Hex/Ice        0%         N/A       99%         2
 Passwall                 Tmut/Erth      0%         N/A       99%         2
 Poisonous Vapours        Pois/Air       0%         N/A       99%         2
 Static Discharge         Conj/Air       0%         3-3/arc   99%         2
 Confusing Touch          Hex            0%         N/A       100%        3
 Frozen Ramparts          Ice            0%         1d1       100%        3
 Lesser Beckoning         Tloc           0%         N/A       100%        3
 Swiftness                Air            0%         N/A       100%        3
 Vampiric Draining        Necr           0%         2d6       100%        3
 Hailstorm                Conj/Ice       0%         3d3       100%        4
 Olgreb's Toxic Radiance  Pois           0%         N/A       100%        4
 Agony                    Necr           0%         N/A       100%        5
 Manifold Assault         Tloc           0%         N/A       100%        5
 Storm Form               Tmut/Air       0%         N/A       100%        7
 Chain Lightning          Conj/Air       0%         N/A       100%        9


Dungeon Overview and Level Annotations

Branches:
Dungeon (9/15)             Temple (0/1) D:4          Bailey (visited)
   Lair: D:8-11         Orc: D:9-12

Shops:
D:1 [!:(!


Innate Abilities, Weirdness & Mutations

You have an increased reservoir of magic. (+10% MP)
You shall have no god before yourself.
Your divine heritage dramatically boosts your attributes as you level up.


Message History

The ball of steam misses you.
A wight comes into view. It is wielding a +2 flail.
The wight hits you from afar with a +4 halberd of freezing.
The wight freezes you.
You slice the steam dragon!!
The steam dragon is severely wounded.
You are engulfed in a cloud of scalding steam.
The steam dragon bites you but does no damage.
The steam dragon claws you but does no damage.
The wight closely misses you. The wight barely misses you.
You closely miss the steam dragon.
The steam dragon is severely wounded.
You are engulfed in a cloud of scalding steam.
The steam dragon bites you but does no damage.
The steam dragon claws you but does no damage.
The wight hits you but does no damage.
The wight hits you from afar with a +4 halberd of freezing!
The wight freezes you. The wight closely misses you.
The steam dragon bites you!
The steam dragon claws you but does no damage.
The wight barely misses you.
You completely miss the steam dragon.
The steam dragon is severely wounded.
The steam dragon bites you but does no damage.
The steam dragon claws you but does no damage.
The wight hits you from afar with a +2 spear!
* * * LOW HITPOINT WARNING * * *
You feel drained.
* * * LOW HITPOINT WARNING * * *
The wight hits you but does no damage.
The wight hits you from afar with a +4 halberd of freezing!
* * * LOW HITPOINT WARNING * * *
You feel drained.
* * * LOW HITPOINT WARNING * * *
The wight freezes you.
* * * LOW HITPOINT WARNING * * *
The steam dragon breathes steam at you. The ball of steam misses you.
The wight hits you from afar with a +2 spear!
You die...

.. #......# ...
#......#
.<##......# .#
.........##.###
#............#
#...zz.......##.
#.z.D...........
#...@..........$
##.(.§..........#
#...§§........##
.........!.......#
........§........##
.......§...<.......
.....#.####........
.##..#. .........
#.... ......^...


You could see a steam dragon and 3 wights.

Vanquished Creatures
  An orc knight (Bailey)
  Prince Ribbit (D:6)
  A wyvern (D:7)
  10 orc warriors (Bailey)
  2 black bears
  2 ogres
  3 centaurs
  2 bullfrogs
  3 scorpions
  A necrophage (D:4)
  A gnoll sergeant (D:5)
  5 wights
  2 howler monkeys (D:7)
  A crimson imp (D:4)
  3 jellies
  12 hounds
  An orc priest (D:6)
  Crazy Yiuf (D:3)
  A gnoll bouda (D:7)
  3 iguanas
  Ijyb (D:5)
  6 orc wizards
  8 gnolls
  9 adders
  3 shadow imps
  A white imp (D:3)
  7 worms
  2 dart slugs (D:3)
  35 orcs
  8 ball pythons
  7 bats
  7 endoplasms
  4 giant cockroaches
  4 goblins
  6 hobgoblins
  2 jackals (D:1)
  4 quokkas
  2 frilled lizards
  10 kobolds
  10 rats
192 creatures vanquished.

Vanquished Creatures (others)
  3 adders (D:3)
  A worm (D:3)
  An endoplasm (D:3)
  A giant cockroach (D:3)
  7 plants (D:6)
13 creatures vanquished.

Grand Total: 205 creatures vanquished

Notes
Turn   | Place    | Note
-------+----------+-------------------------------------------
     0 | D:1      | fantasyman the Demigod Fighter began the quest for the Orb.
     0 | D:1      | Reached XP level 1. HP: 18/18 MP: 3/3
    10 | D:1      | Noticed an ogre
   285 | D:1      | Reached XP level 2. HP: 22/25 MP: 4/4
   434 | D:1      | Found Nocoax's Antique Armour Emporium.
   447 | D:1      | Found Vyenoli's Distillery.
   467 | D:1      | Found Iroedgh's Weapon Shop.
   484 | D:1      | Reached skill level 3 in Armour
   697 | D:1      | Found Dier's Book Shop.
  1166 | D:1      | Reached XP level 3. HP: 28/31 MP: 5/5
  1237 | D:1      | Got Lylivy's Codex of Vapour
  1257 | D:1      | Found Tosee's Distillery.
  2401 | D:2      | Reached XP level 4. HP: 27/38 MP: 6/6
  3171 | D:3      | Found a runed translucent door.
  3172 | D:3      | Noticed Crazy Yiuf
  4054 | D:3      | Killed Crazy Yiuf
  4055 | D:3      | Reached skill level 4 in Armour
  4147 | D:4      | Reached XP level 5. HP: 45/45 MP: 7/7
  4660 | D:4      | Reached XP level 6. HP: 36/52 MP: 8/8
  4873 | D:4      | Found a staircase to the Ecumenical Temple.
  5133 | D:4      | Reached skill level 5 in Armour
  5415 | D:5      | Entered Level 5 of the Dungeon
  5418 | D:5      | Reached XP level 7. HP: 60/60 MP: 9/9
  5583 | D:5      | Reached skill level 6 in Armour
  5955 | D:5      | Reached skill level 5 in Fighting
  6419 | D:5      | Noticed Ijyb
  6435 | D:5      | Killed Ijyb
  6914 | D:6      | Reached skill level 7 in Armour
  6914 | D:6      | Reached XP level 8. HP: 67/69 MP: 10/10
  7168 | D:6      | Noticed Prince Ribbit
  7187 | D:6      | Killed Prince Ribbit
  7188 | D:6      | Reached skill level 5 in Shields
  7331 | D:6      | Reached skill level 8 in Armour
  8619 | D:7      | Noticed a moth of wrath
  8690 | D:7      | Reached XP level 9. HP: 16/78 MP: 11/11
  9409 | D:7      | You fall into a shaft and drop 1 floor!
  9422 | D:8      | Reached skill level 9 in Armour
  9680 | D:8      | Found a flagged portal.
  9694 | Bailey   | Entered a bailey
 11029 | Bailey   | Acquired a +2 vorpal broad axe
 11036 | Bailey   | Noticed an orc knight
 11041 | Bailey   | Killed an orc knight
 11042 | Bailey   | Reached skill level 10 in Armour
 11287 | D:8      | Identified the ring "Boargh" {rF++ EV+4 Int+8 Stlth-}
 12280 | D:9      | Slain by a wight

Illustrated notes

Levels and vault maps discovered:
D:1:      evilmike_arrival_come_back, layout_basic, serial_shops,
          nicolae_shop_hallway_plus, shop, nicolae_shop_waterfront,
          nicolae_shop_crystal, shop_statue, basic_ecumenical_altar
D:2:      layout_basic
D:3:      layout_basic, xom_confusion_cloud, serial_forest,
          infiniplex_forest_clump_small, infiniplex_forest_lined_room_2,
          infiniplex_forest_clump_curved, infiniplex_forest_clump_diagonal,
          infiniplex_forest_clump_tiny, infiniplex_forest_corner_1,
          infiniplex_forest_clump_medium, infiniplex_forest_clump_small,
          infiniplex_forest_straight_2, minmay_curled_crystal,
          kennysheep_generic_room_7, uniq_crazy_yiuf_cottage
D:4:      layout_rooms, grunt_temple_overflow_lords_of_destruction,
          temple_statues, minmay_manual_mares
D:5:      layout_loops_ring, uniq_ijyb
D:6:      layout_cave_pools, nicolae_hepliaklqana_hazy_memory,
          grunt_ministairs_6, uniq_prince_ribbit1
D:7:      layout_basic, tgw_trog, nicolae_wu_jian_glorious_leap,
          nicolae_qazlal_general_emergency, grunt_dithmenos_shadows
D:8:      lemuel_ice_spiral_2, layout_basic, enter_bailey_2
D:9:      layout_rooms, serial_shops, shop

Skill      XL: |  1  2  3  4  5  6  7  8  9 |
---------------+----------------------------+-----
Axes           | 2 |  2.5
Armour         | 3 4 5 7 8 10 | 10.1
Fighting       | 3 4 5 6 7 |  7.3
Shields        | 3 4 5 6 |  6.6
Long Blades    | |  0.2

Action                   |  1- 3 |  4- 6 |  7- 9 || total
-------------------------+-------+-------+-------++-------
Melee: War axe           |   121 |       |   222 ||   343
       Spear             |       |   198 |   131 ||   329
       Triple sword      |       |       |    14 ||    14
       Broad axe         |       |       |     9 ||     9
  Use: Scroll            |       |     9 |    12 ||    21
       Potion            |       |       |     4 ||     4
 Stab: Invisible         |       |       |     4 ||     4
Armor: Scale mail        |    54 |     6 |       ||    60
       Plate armour      |       |   113 |   261 ||   374
Dodge: Dodged            |    67 |    56 |   147 ||   270
Block: Buckler           |    29 |    32 |   139 ||   200
